Avalanche vs Canucks
Created - 18 janvier 2013 at 19:12
Goals
|
| Avalanche |
1 |
3 |
0 |
0 |
2 |
4 |
| Canucks |
2 |
2 |
0 |
0 |
3 |
5 |
|
Shots
|
| Avalanche |
6 |
16 |
9 |
1 |
3 |
32 |
| Canucks |
11 |
13 |
7 |
2 |
3 |
33 |
|
1st period
1. Canucks , Jaromir Jagr 12 (Mark Streit, Matt Stajan) at 2:35
2. Canucks , Jiri Hudler 13 (Jonas Hoglund, Chris Campoli) at 3:02
3. Avalanche , Jason Pominville 11 (Ryan Smyth, Éric Perrin) at 8:27
Penalties :
No Penalty
2nd period
4. Avalanche , Mike Comrie 8 (Ryan Smyth, Jason Pominville) at 6:31
5. Canucks , Matt Stajan 4 (Jaromir Jagr, Chris Campoli) at 7:33
6. Canucks , Jaromir Jagr 13 (Clarke MacArthur, Matt Stajan) at 8:06 (PP)
7. Avalanche , Rod Brind'Amour 5 (Chuck Kobasew) at 15:30
8. Avalanche , Ryan Smyth 13 (Jason Pominville, Jeremy Roenick) at 18:05 (PP)
Penalties :
Andrew Ladd (Col) for Interference (Minor) at 3:11, Mike Comrie (Col) for Interference (Minor) at 7:44, Jaromir Jagr (Van) for Holding (Minor) at 9:18, Fabian Brunnstrom (Van) for High sticking (Minor) at 17:49
3rd period
No Goal
Penalties :
Clarke MacArthur (Van) for Hooking (Minor) at 1:44, Mark Streit (Van) for Cross-checking (Minor) at 11:31, Andrew Ladd (Col) for High sticking (Minor) at 13:59, Clarke MacArthur (Van) for Delaying the game (Minor) at 17:53
Overtime #1
No Goal
Penalties :
No Penalty
Shootout
Penalty Shot by Jeremy Roenick for Avalanche - Goal!
Penalty Shot by Jaromir Jagr for Canucks - Goal!
Penalty Shot by Ryan Smyth for Avalanche - Goal!
Penalty Shot by Jonas Hoglund for Canucks - Goal!
Penalty Shot by Jason Pominville for Avalanche - Stopped by Carey Price
Penalty Shot by Clarke MacArthur for Canucks - Goal!
Penalties :
No Penalty
Goalie Stats
Antti Niemi (Col), 14 saves from 18 shots - (0,778), 28:06 minutes
Patrick Lalime (Col), 15 saves from 15 shots - (1,000), OTL, 6-6-1, 36:54 minutes
Carey Price (Van), 28 saves from 32 shots - (0,875), W, 16-7-2, 65:00 minutes
Players Stats for Avalanche
Player Name G A P +/- PIM S H SB GA TA FO MP PP MP PK MP
------------------------------------------------------------------------------------
Andrew Ladd 0 0 0 1 4 2 1 0 1 1 0/0 11:18 0:00 0:00
Bobby Ryan 0 0 0 -2 0 0 3 0 0 0 0/0 16:46 3:34 0:00
Chuck Kobasew 0 1 1 1 0 1 2 0 0 1 1/1 12:50 0:00 1:15
Dustin Byfuglien 0 0 0 0 0 0 0 0 0 0 0/0 7:09 0:00 0:00
Éric Perrin 0 1 1 0 0 2 0 0 0 0 2/3 7:42 0:00 0:33
Frantisek Kaberle 0 0 0 0 0 0 1 1 1 0 0/0 23:29 2:41 0:00
Jack Johnson 0 0 0 -2 0 1 2 0 0 1 0/0 27:17 5:31 1:28
Jason Pominville 1 2 3 1 0 7 0 0 1 0 0/0 21:37 4:38 0:00
Jeremy Roenick 0 1 1 -2 0 2 0 1 0 1 10/22 21:15 4:38 0:55
Marc Staal 0 0 0 -1 0 1 0 0 0 0 0/0 21:40 0:00 2:52
Martin Lapointe 0 0 0 0 0 0 0 0 0 0 0/1 11:07 0:00 2:51
Mike Comrie 1 0 1 1 2 2 2 1 1 0 9/20 20:32 3:34 0:00
Mike Rathje 0 0 0 1 0 0 1 1 0 0 0/0 16:49 2:41 1:28
Ossi Vaananen 0 0 0 1 0 0 0 0 0 1 0/0 20:13 0:00 2:52
Rod Brind'Amour 1 0 1 1 0 4 0 0 1 0 6/11 15:27 0:00 2:47
Rostislav Olesz 0 0 0 -2 0 1 4 0 0 0 0/1 17:05 3:34 0:19
Ryan Smyth 1 2 3 1 0 8 2 0 0 0 1/4 22:49 4:38 0:00
Sami Salo 0 0 0 1 0 1 1 0 0 0 0/0 20:32 5:31 0:00
Players Stats for Canucks
Player Name G A P +/- PIM S H SB GA TA FO MP PP MP PK MP
------------------------------------------------------------------------------------
Adam Burish 0 0 0 0 0 2 0 0 0 0 0/1 8:41 0:00 0:00
Chris Campoli 0 2 2 1 0 1 0 0 0 0 0/0 21:45 1:33 3:16
Clarke MacArthur 0 1 1 2 4 2 0 0 0 2 3/4 20:35 2:27 1:13
Craig Rivet 0 0 0 1 0 1 1 4 0 0 0/0 21:58 1:33 3:29
Daniel Paille 0 0 0 -1 0 1 0 1 0 0 0/0 12:31 0:00 0:25
David Jones 0 0 0 -1 0 3 3 1 0 1 0/0 13:45 0:00 0:00
Erik Christensen 0 0 0 0 0 1 1 1 0 0 0/1 8:05 0:00 1:28
Fabian Brunnstrom 0 0 0 -1 2 2 2 1 0 0 1/1 15:20 1:53 0:00
Janne Niskala 0 0 0 -1 0 3 1 1 0 0 0/0 14:01 0:00 1:02
Jaromir Jagr 2 1 3 2 2 7 2 2 0 0 5/12 27:14 2:27 3:42
Jiri Hudler 1 0 1 -1 0 2 0 1 0 0 3/8 15:21 1:53 0:00
Johnny Boychuk 0 0 0 -1 0 1 0 0 0 0 0/0 12:41 0:00 0:00
Jonas Hoglund 0 1 1 -1 0 2 2 2 0 0 0/2 22:21 1:53 5:05
Mark Streit 0 1 1 0 2 0 1 2 3 0 0/0 29:21 2:47 3:41
Matt Stajan 1 2 3 2 0 2 4 0 1 0 12/21 20:37 2:27 2:05
Rickard Wallin 0 0 0 -1 0 2 1 0 0 0 10/13 16:38 0:00 2:26
Scott Niedermayer 0 0 0 0 0 1 3 0 1 2 0/0 30:37 2:47 4:56
Sheldon Keefe 0 0 0 0 0 0 0 0 0 0 0/0 0:12 0:00 0:00
3 Stars
1 - Matt Stajan (Van)
2 - Jaromir Jagr (Van)
3 - Ryan Smyth (Col)
Power Play
Avalanche - 1 on 5 Attempt(s) - 20,00%
Canucks - 1 on 3 Attempt(s) - 33,33%
Penalty Kill
Avalanche - 2 on 3 Attempt(s) - 66,67%
- Score 0 goal in Penalty Kill
Canucks - 4 on 5 Attempt(s) - 80,00%
- Score 0 goal in Penalty Kill
Official
Referees : Auger Stephane and Rooney Chris
Linesman : Ryan Galloway and Scott Cherrey
Game Notes
Patrick Lalime enters game at 8:06 of 2nd period
Finance
Level 1 -- Attendance: 4128 (68,80%) -- Ticket Income 408 672 $
Level 2 -- Attendance: 4576 (91,52%) -- Ticket Income 237 952 $
Level 3 -- Attendance: 1784 (89,20%) -- Ticket Income 53 520 $
Level 4 -- Attendance: 3468 (86,70%) -- Ticket Income 58 956 $
Luxury Box -- Attendance: 1000 (100,00%) -- Ticket Income 100 000 $
Game was played at the Budweiser Coliseum
Total Attendance: 14956 (83,09%)
Total Ticket Income: 859 100 $
Total Income: 859 100 $
Avalanche
5 vs 5 Forward
Center Left Wing Right Wing Time % Phy DF OF
1 Mike Comrie Ryan Smyth Jason Pominville 40 1 1 3
2 Jeremy Roenick Rostislav Olesz Bobby Ryan 35 1 1 3
3 Rod Brind'Amour Andrew Ladd Chuck Kobasew 20 1 3 1
4 Éric Perrin Dustin Byfuglien Martin Lapointe 5 1 2 2
5 vs 5 Defense
Defense Defense Time % Phy DF OF
1 Jack Johnson Marc Staal 35 1 2 2
2 Frantisek Kaberle Ossi Vaananen 30 1 2 2
3 Sami Salo Mike Rathje 25 1 2 2
4 Jack Johnson Frantisek Kaberle 10 1 2 2
PowerPlay Forward
Center Left Wing Right Wing Time % Phy DF OF
1 Jeremy Roenick Ryan Smyth Jason Pominville 60 1 2 2
2 Mike Comrie Rostislav Olesz Bobby Ryan 40 1 2 2
PowerPlay Defense
Defense Defense Time % Phy DF OF
1 Sami Salo Jack Johnson 60 1 2 2
2 Frantisek Kaberle Mike Rathje 40 1 2 2
Penalty Kill 4 Players Forward
Center Wing Time % Phy DF OF
1 Rod Brind'Amour Martin Lapointe 60 1 2 2
2 Jeremy Roenick Chuck Kobasew 40 1 2 2
Penalty Kill 4 Players Defense
Defense Defense Time % Phy DF OF
1 Ossi Vaananen Marc Staal 60 1 2 2
2 Mike Rathje Jack Johnson 40 1 2 2
Penalty Kill - 3 Players Forward
Forward Time % Phy DF OF
1 Jeremy Roenick 60 1 2 2
2 Rod Brind'Amour 40 1 2 2
Penalty Kill - 3 Players Defense
Defense Defense Time % Phy DF OF
1 Ossi Vaananen Marc Staal 60 1 2 2
2 Mike Rathje Jack Johnson 40 1 2 2
4 vs 4 Forward
Center Wing Time % Phy DF OF
1 Jeremy Roenick Ryan Smyth 60 1 2 2
2 Jason Pominville Mike Comrie 40 1 2 2
4 vs 4 Defense
Defense Defense Time % Phy DF OF
1 Frantisek Kaberle Marc Staal 60 1 2 2
2 Sami Salo Ossi Vaananen 40 1 2 2
Last Minutes Offensive
Center Left Wing Right Wing Defense Defense
Jeremy Roenick Ryan Smyth Jason Pominville Frantisek Kaberle Jack Johnson
Last Minutes Defensive
Center Left Wing Right Wing Defense Defense
Rod Brind'Amour Ryan Smyth Martin Lapointe Ossi Vaananen Marc Staal
Goaltenders
Starting : Antti Niemi
Backup : Patrick Lalime
Extra Forwards
Normal : Rod Brind'Amour, Martin Lapointe, Chuck Kobasew - PP : Rod Brind'Amour, Martin Lapointe - PK : Chuck Kobasew
Extra Defensemen
Normal : Jack Johnson, Mike Rathje, Sami Salo - PP : Jack Johnson - PK : Mike Rathje, Sami Salo
Penalty Shots
Jeremy Roenick, Ryan Smyth, Jason Pominville, Mike Comrie, Rod Brind'Amour
Canucks
5 vs 5 Forward
Center Left Wing Right Wing Time % Phy DF OF
1 Matt Stajan Clarke MacArthur Jaromir Jagr 40 1 2 2
2 Jiri Hudler Fabian Brunnstrom Jonas Hoglund 30 1 2 2
3 Rickard Wallin Daniel Paille David Jones 20 1 2 2
4 Erik Christensen Jaromir Jagr Adam Burish 10 1 2 2
5 vs 5 Defense
Defense Defense Time % Phy DF OF
1 Scott Niedermayer Mark Streit 40 1 2 2
2 Craig Rivet Chris Campoli 30 1 2 2
3 Johnny Boychuk Janne Niskala 20 1 2 2
4 Scott Niedermayer Mark Streit 10 1 2 2
PowerPlay Forward
Center Left Wing Right Wing Time % Phy DF OF
1 Matt Stajan Clarke MacArthur Jaromir Jagr 60 1 2 2
2 Jiri Hudler Fabian Brunnstrom Jonas Hoglund 40 1 2 2
PowerPlay Defense
Defense Defense Time % Phy DF OF
1 Scott Niedermayer Mark Streit 60 1 2 2
2 Craig Rivet Chris Campoli 40 1 2 2
Penalty Kill 4 Players Forward
Center Wing Time % Phy DF OF
1 Jaromir Jagr Jonas Hoglund 60 1 2 2
2 Clarke MacArthur Matt Stajan 40 1 2 2
Penalty Kill 4 Players Defense
Defense Defense Time % Phy DF OF
1 Scott Niedermayer Mark Streit 60 1 2 2
2 Craig Rivet Chris Campoli 40 1 2 2
Penalty Kill - 3 Players Forward
Forward Time % Phy DF OF
1 Jaromir Jagr 60 1 2 2
2 Jonas Hoglund 40 1 2 2
Penalty Kill - 3 Players Defense
Defense Defense Time % Phy DF OF
1 Scott Niedermayer Mark Streit 60 1 2 2
2 Craig Rivet Chris Campoli 40 1 2 2
4 vs 4 Forward
Center Wing Time % Phy DF OF
1 Jaromir Jagr Jonas Hoglund 60 1 2 2
2 Clarke MacArthur Matt Stajan 40 1 2 2
4 vs 4 Defense
Defense Defense Time % Phy DF OF
1 Scott Niedermayer Mark Streit 60 1 2 2
2 Craig Rivet Chris Campoli 40 1 2 2
Last Minutes Offensive
Center Left Wing Right Wing Defense Defense
Matt Stajan Clarke MacArthur Jaromir Jagr Scott Niedermayer Mark Streit
Last Minutes Defensive
Center Left Wing Right Wing Defense Defense
Matt Stajan Clarke MacArthur Jaromir Jagr Scott Niedermayer Mark Streit
Goaltenders
Starting : Carey Price
Backup : Mike McKenna
Extra Forwards
Normal : David Jones, Adam Burish, Rickard Wallin - PP : David Jones, Adam Burish - PK : Rickard Wallin
Extra Defensemen
Normal : Johnny Boychuk, Janne Niskala, Craig Rivet - PP : Johnny Boychuk - PK : Janne Niskala, Craig Rivet
Penalty Shots
Jaromir Jagr, Jonas Hoglund, Clarke MacArthur, Matt Stajan, Jiri Hudler
% Time on Ice - Avalanche
Lines # - Real PCT - Wanted PCT - Time Play
Normal Forward
1 - 33% - 40% - 15:47
2 - 29% - 35% - 13:35
3 - 23% - 20% - 10:57
4 - 15% - 5% - 7:09
Normal Defense
1 - 35% - 35% - 16:35
2 - 31% - 30% - 14:31
3 - 25% - 25% - 11:49
4 - 10% - 10% - 4:33
PP Forward
1 - 57% - 60% - 4:38
2 - 43% - 40% - 3:34
PP Defense
1 - 67% - 60% - 5:31
2 - 33% - 40% - 2:41
PK Forward
1 - 79% - 60% - 3:25
2 - 21% - 40% - 0:55
PK Defense
1 - 66% - 60% - 2:52
2 - 34% - 40% - 1:28
PK3 Forward
1 - 0% - 60%
2 - 0% - 40%
PK3 Defense
1 - 0% - 60%
2 - 0% - 40%
44 Forward
1 - 76% - 60% - 3:48
2 - 24% - 40% - 1:12
44 Defense
1 - 51% - 60% - 2:33
2 - 49% - 40% - 2:27
Last Minute Offensive - 0:00
Last Minute Defensive - 0:00
Total
Forward - 65:00
Defense - 65:00
|
% Time on Ice - Canucks
Lines # - Real PCT - Wanted PCT - Time Play
Normal Forward
1 - 33% - 40% - 15:41
2 - 29% - 30% - 14:00
3 - 24% - 20% - 11:24
4 - 13% - 10% - 6:23
Normal Defense
1 - 37% - 40% - 17:28
2 - 31% - 30% - 14:40
3 - 26% - 20% - 12:28
4 - 6% - 10% - 2:52
PP Forward
1 - 57% - 60% - 2:27
2 - 43% - 40% - 1:53
PP Defense
1 - 64% - 60% - 2:47
2 - 36% - 40% - 1:33
PK Forward
1 - 75% - 60% - 6:07
2 - 25% - 40% - 2:05
PK Defense
1 - 60% - 60% - 4:56
2 - 40% - 40% - 3:16
PK3 Forward
1 - 0% - 60%
2 - 0% - 40%
PK3 Defense
1 - 0% - 60%
2 - 0% - 40%
44 Forward
1 - 78% - 60% - 3:54
2 - 22% - 40% - 1:06
44 Defense
1 - 56% - 60% - 2:47
2 - 44% - 40% - 2:13
Last Minute Offensive - 0:00
Last Minute Defensive - 0:00
Total
Forward - 65:00
Defense - 65:00
|
Play by Play
1st period
0:01 of 1st period - Mike Comrie wins face-off versus Matt Stajan in neutral zone.
0:08 of 1st period - Jack Johnson is hit by Mark Streit and loses puck.
1:21 of 1st period - Slapshot by Jaromir Jagr.
1:21 of 1st period - Stopped by Antti Niemi with a rebound.
2:27 of 1st period - Off-side.
2:28 of 1st period - Matt Stajan wins face-off versus Mike Comrie in neutral zone.
2:35 of 1st period - Snap shot by Jaromir Jagr.
2:35 of 1st period - Goal by Jaromir Jagr - Avalanche : 0 - Canucks : 1.
2:36 of 1st period - Matt Stajan wins face-off versus Mike Comrie in neutral zone.
2:49 of 1st period - Wrist shot by Ryan Smyth.
2:49 of 1st period - Stopped by Carey Price with a rebound.
2:51 of 1st period - Backhand shot by Frantisek Kaberle.
2:51 of 1st period - Deflect By Ryan Smyth.
2:51 of 1st period - Shot Misses the Net.
2:51 of 1st period - Puck is out of play.
2:52 of 1st period - Fabian Brunnstrom wins face-off versus Jeremy Roenick in Canucks zone.
3:02 of 1st period - Snap shot by Jiri Hudler.
3:02 of 1st period - Goal by Jiri Hudler - Avalanche : 0 - Canucks : 2.
3:03 of 1st period - Mike Comrie wins face-off versus Matt Stajan in neutral zone.
3:08 of 1st period - Snap shot by Ryan Smyth.
3:08 of 1st period - Stopped by Carey Price without a rebound.
3:09 of 1st period - Matt Stajan wins face-off versus Ryan Smyth in Canucks zone.
3:40 of 1st period - Wrist shot by Chuck Kobasew.
3:40 of 1st period - Shot Misses the Net.
3:42 of 1st period - Slapshot by Jack Johnson.
3:42 of 1st period - Shot Blocked by Jaromir Jagr.
3:54 of 1st period - Slapshot by Jaromir Jagr.
3:54 of 1st period - Stopped by Antti Niemi with a rebound.
3:56 of 1st period - Wrist shot by Jaromir Jagr.
3:56 of 1st period - Stopped by Antti Niemi with a rebound.
4:48 of 1st period - Wrist shot by Clarke MacArthur.
4:48 of 1st period - Shot Blocked by Jeremy Roenick.
4:54 of 1st period - Wrist shot by Clarke MacArthur.
4:54 of 1st period - Deflect By Jaromir Jagr.
4:54 of 1st period - Shot Misses the Net.
4:54 of 1st period - Puck is out of play.
4:55 of 1st period - Mike Comrie wins face-off versus Jiri Hudler in Avalanche zone.
5:07 of 1st period - Off-side.
5:08 of 1st period - Rickard Wallin wins face-off versus Ryan Smyth in neutral zone.
5:11 of 1st period - Wrist shot by Daniel Paille.
5:11 of 1st period - Deflect By Rickard Wallin.
5:11 of 1st period - Stopped by Antti Niemi without a rebound.
5:12 of 1st period - Mike Comrie wins face-off versus Rickard Wallin in Avalanche zone.
5:17 of 1st period - Slapshot by Mike Comrie.
5:17 of 1st period - Shot Blocked by Craig Rivet.
5:37 of 1st period - Snap shot by Rod Brind'Amour.
5:37 of 1st period - Stopped by Carey Price without a rebound.
5:38 of 1st period - Rod Brind'Amour wins face-off versus Jonas Hoglund in Canucks zone.
6:03 of 1st period - Jason Pominville is hit by David Jones and loses puck.
6:42 of 1st period - Marc Staal is hit by David Jones and loses puck.
8:12 of 1st period - Ossi Vaananen is hit by David Jones and loses puck.
8:23 of 1st period - Snap shot by Éric Perrin.
8:23 of 1st period - Shot Blocked by Jonas Hoglund.
8:27 of 1st period - Snap shot by Jason Pominville.
8:27 of 1st period - Goal by Jason Pominville - Avalanche : 1 - Canucks : 2.
8:28 of 1st period - Mike Comrie wins face-off versus Jiri Hudler in neutral zone.
8:35 of 1st period - Snap shot by Ryan Smyth.
8:35 of 1st period - Shot Blocked by Fabian Brunnstrom.
9:14 of 1st period - Backhand shot by Rod Brind'Amour.
9:14 of 1st period - Shot Blocked by Craig Rivet.
10:33 of 1st period - Icing by Johnny Boychuk.
10:34 of 1st period - Rickard Wallin wins face-off versus Mike Comrie in Canucks zone.
10:34 of 1st period - Rickard Wallin is hit by Ryan Smyth.
11:48 of 1st period - Snap shot by Jiri Hudler.
11:48 of 1st period - Stopped by Antti Niemi with a rebound.
11:50 of 1st period - Wrist shot by Fabian Brunnstrom.
11:50 of 1st period - Stopped by Antti Niemi with a rebound.
12:00 of 1st period - Wrist shot by Mike Comrie.
12:00 of 1st period - Shot Misses the Net.
12:18 of 1st period - Bobby Ryan is hit by Fabian Brunnstrom and loses puck.
12:59 of 1st period - Slapshot by Erik Christensen.
12:59 of 1st period - Shot Misses the Net.
13:01 of 1st period - Slapshot by Scott Niedermayer.
13:01 of 1st period - Shot Blocked by Mike Comrie.
13:11 of 1st period - Jonas Hoglund is hit by Jack Johnson.
13:15 of 1st period - Jeremy Roenick is hit by Jonas Hoglund.
14:25 of 1st period - Mark Streit is hit by Ryan Smyth and loses puck.
14:30 of 1st period - Slapshot by Mike Comrie.
14:30 of 1st period - Shot Misses the Net.
14:32 of 1st period - Snap shot by Jason Pominville.
14:32 of 1st period - Stopped by Carey Price with a rebound.
14:34 of 1st period - Wrist shot by Mike Comrie.
14:34 of 1st period - Shot Misses the Net.
14:36 of 1st period - Snap shot by Jason Pominville.
14:36 of 1st period - Shot Blocked by Mark Streit.
14:54 of 1st period - Wrist shot by Mike Comrie.
14:54 of 1st period - Stopped by Carey Price with a rebound.
14:56 of 1st period - Wrist shot by Sami Salo.
14:56 of 1st period - Shot Misses the Net.
14:58 of 1st period - Wrist shot by Jason Pominville.
14:58 of 1st period - Shot Misses the Net.
15:04 of 1st period - Snap shot by Ryan Smyth.
15:04 of 1st period - Shot Blocked by Mark Streit.
15:06 of 1st period - Backhand shot by Jason Pominville.
15:06 of 1st period - Shot Blocked by Erik Christensen.
15:28 of 1st period - Mark Streit is hit by Mike Comrie and loses puck.
16:01 of 1st period - Wrist shot by Adam Burish.
16:01 of 1st period - Stopped by Antti Niemi with a rebound.
16:03 of 1st period - Snap shot by Erik Christensen.
16:03 of 1st period - Stopped by Antti Niemi with a rebound.
16:05 of 1st period - Slapshot by Craig Rivet.
16:05 of 1st period - Stopped by Antti Niemi without a rebound.
16:06 of 1st period - Matt Stajan wins face-off versus Jeremy Roenick in Avalanche zone.
16:18 of 1st period - Jaromir Jagr is hit by Rostislav Olesz and loses puck.
2nd period
0:01 of 2nd period - Matt Stajan wins face-off versus Jeremy Roenick in neutral zone.
0:12 of 2nd period - Rostislav Olesz is hit by Matt Stajan and loses puck.
0:33 of 2nd period - Icing by Marc Staal.
0:34 of 2nd period - Matt Stajan wins face-off versus Mike Comrie in Avalanche zone.
0:39 of 2nd period - Wrist shot by Jaromir Jagr.
0:39 of 2nd period - Stopped by Antti Niemi with a rebound.
0:49 of 2nd period - Wrist shot by Mike Comrie.
0:49 of 2nd period - Shot Misses the Net.
0:51 of 2nd period - Snap shot by Ryan Smyth.
0:51 of 2nd period - Stopped by Carey Price without a rebound.
0:52 of 2nd period - Jeremy Roenick wins face-off versus Jiri Hudler in Canucks zone.
1:17 of 2nd period - Jiri Hudler is hit by Chuck Kobasew and loses puck.
2:09 of 2nd period - Johnny Boychuk is hit by Mike Rathje and loses puck.
3:11 of 2nd period - Minor Penalty to Andrew Ladd for Interference.
3:12 of 2nd period - Matt Stajan wins face-off versus Rod Brind'Amour in Avalanche zone.
3:17 of 2nd period - Snap shot by Jaromir Jagr.
3:17 of 2nd period - Shot Misses the Net.
3:21 of 2nd period - Snap shot by Clarke MacArthur.
3:21 of 2nd period - Shot Misses the Net.
4:20 of 2nd period - Backhand shot by Jonas Hoglund.
4:20 of 2nd period - Stopped by Antti Niemi without a rebound.
4:21 of 2nd period - Matt Stajan wins face-off versus Martin Lapointe in Avalanche zone.
4:32 of 2nd period - Slapshot by Matt Stajan.
4:32 of 2nd period - Stopped by Antti Niemi without a rebound.
4:33 of 2nd period - Rod Brind'Amour wins face-off versus Matt Stajan in Avalanche zone.
5:11 of 2nd period - Penalty to Andrew Ladd is over, Andrew Ladd is back on ice.
5:16 of 2nd period - Slapshot by Jeremy Roenick.
5:16 of 2nd period - Shot Misses the Net.
5:41 of 2nd period - Snap shot by David Jones.
5:41 of 2nd period - Stopped by Antti Niemi with a rebound.
5:53 of 2nd period - Jack Johnson is hit by Janne Niskala and loses puck.
6:12 of 2nd period - Jaromir Jagr is hit by Jack Johnson and loses puck.
6:27 of 2nd period - Wrist shot by Ryan Smyth.
6:27 of 2nd period - Stopped by Carey Price with a rebound.
6:29 of 2nd period - Snap shot by Ryan Smyth.
6:29 of 2nd period - Stopped by Carey Price with a rebound.
6:31 of 2nd period - Wrist shot by Mike Comrie.
6:31 of 2nd period - Goal by Mike Comrie - Avalanche : 2 - Canucks : 2.
6:32 of 2nd period - Jeremy Roenick wins face-off versus Jiri Hudler in neutral zone.
6:41 of 2nd period - Slapshot by Jack Johnson.
6:41 of 2nd period - Shot Blocked by Jonas Hoglund.
6:43 of 2nd period - Snap shot by Rostislav Olesz.
6:43 of 2nd period - Stopped by Carey Price without a rebound.
6:44 of 2nd period - Clarke MacArthur wins face-off versus Mike Comrie in Canucks zone.
7:10 of 2nd period - Mark Streit is hit by Rostislav Olesz and loses puck.
7:17 of 2nd period - Wrist shot by Rostislav Olesz.
7:17 of 2nd period - Deflect By Jeremy Roenick.
7:17 of 2nd period - Stopped by Carey Price without a rebound.
7:18 of 2nd period - Jeremy Roenick wins face-off versus Matt Stajan in Canucks zone.
7:31 of 2nd period - Wrist shot by Matt Stajan.
7:31 of 2nd period - Shot Blocked by Frantisek Kaberle.
7:33 of 2nd period - Wrist shot by Matt Stajan.
7:33 of 2nd period - Goal by Matt Stajan - Avalanche : 2 - Canucks : 3.
7:34 of 2nd period - Mike Comrie wins face-off versus Matt Stajan in neutral zone.
7:43 of 2nd period - Wrist shot by Jason Pominville.
7:43 of 2nd period - Stopped by Carey Price with a rebound.
7:44 of 2nd period - Minor Penalty to Mike Comrie for Interference.
7:45 of 2nd period - Jaromir Jagr wins face-off versus Rod Brind'Amour in Avalanche zone.
7:54 of 2nd period - Snap shot by Clarke MacArthur.
7:54 of 2nd period - Stopped by Antti Niemi without a rebound.
7:55 of 2nd period - Matt Stajan wins face-off versus Rod Brind'Amour in Avalanche zone.
8:06 of 2nd period - Slapshot by Jaromir Jagr.
8:06 of 2nd period - Goal by Jaromir Jagr - Avalanche : 2 - Canucks : 4.
8:06 of 2nd period - Patrick Lalime enters game.
8:07 of 2nd period - Matt Stajan wins face-off versus Mike Comrie in neutral zone.
8:32 of 2nd period - Jonas Hoglund is hit by Bobby Ryan and loses puck.
9:12 of 2nd period - Snap shot by Clarke MacArthur.
9:12 of 2nd period - Stopped by Patrick Lalime without a rebound.
9:13 of 2nd period - Éric Perrin wins face-off versus Matt Stajan in Avalanche zone.
9:13 of 2nd period - Éric Perrin is hit by Scott Niedermayer.
9:18 of 2nd period - Minor Penalty to Jaromir Jagr for Holding.
9:19 of 2nd period - Rickard Wallin wins face-off versus Jeremy Roenick in Canucks zone.
9:32 of 2nd period - Slapshot by Jason Pominville.
9:32 of 2nd period - Stopped by Carey Price without a rebound.
9:33 of 2nd period - Rickard Wallin wins face-off versus Jeremy Roenick in Canucks zone.
10:08 of 2nd period - Icing by Rostislav Olesz.
10:09 of 2nd period - Mike Comrie wins face-off versus Erik Christensen in Avalanche zone.
11:12 of 2nd period - Rostislav Olesz is hit by Rickard Wallin and loses puck.
11:18 of 2nd period - Penalty to Jaromir Jagr is over, Jaromir Jagr is back on ice.
11:25 of 2nd period - Backhand shot by Janne Niskala.
11:25 of 2nd period - Stopped by Patrick Lalime without a rebound.
11:26 of 2nd period - Rickard Wallin wins face-off versus Rod Brind'Amour in Avalanche zone.
11:35 of 2nd period - Snap shot by Daniel Paille.
11:35 of 2nd period - Stopped by Patrick Lalime without a rebound.
11:36 of 2nd period - Mike Comrie wins face-off versus Clarke MacArthur in Avalanche zone.
12:01 of 2nd period - Snap shot by Andrew Ladd.
12:01 of 2nd period - Stopped by Carey Price without a rebound.
12:02 of 2nd period - Jiri Hudler wins face-off versus Rod Brind'Amour in Canucks zone.
12:17 of 2nd period - Slapshot by Chuck Kobasew.
12:17 of 2nd period - Shot Misses the Net.
13:55 of 2nd period - Daniel Paille is hit by Sami Salo and loses puck.
14:36 of 2nd period - Slapshot by Éric Perrin.
14:36 of 2nd period - Stopped by Carey Price without a rebound.
14:37 of 2nd period - Rickard Wallin wins face-off versus Ryan Smyth in Canucks zone.
15:02 of 2nd period - Bobby Ryan is hit by Matt Stajan and loses puck.
15:26 of 2nd period - Slapshot by Andrew Ladd.
15:26 of 2nd period - Stopped by Carey Price without a rebound.
15:27 of 2nd period - Rod Brind'Amour wins face-off versus Jiri Hudler in Canucks zone.
15:28 of 2nd period - Wrist shot by Chuck Kobasew.
15:28 of 2nd period - Stopped by Carey Price with a rebound.
15:30 of 2nd period - Wrist shot by Rod Brind'Amour.
15:30 of 2nd period - Goal by Rod Brind'Amour - Avalanche : 3 - Canucks : 4.
15:31 of 2nd period - Matt Stajan wins face-off versus Mike Comrie in neutral zone.
15:34 of 2nd period - Wrist shot by Scott Niedermayer.
15:34 of 2nd period - Stopped by Patrick Lalime with a rebound.
15:42 of 2nd period - Backhand shot by Jason Pominville.
15:42 of 2nd period - Stopped by Carey Price without a rebound.
15:43 of 2nd period - Matt Stajan wins face-off versus Mike Comrie in Canucks zone.
16:17 of 2nd period - Andrew Ladd is hit by Matt Stajan and loses puck.
16:58 of 2nd period - Mike Comrie is hit by Fabian Brunnstrom and loses puck.
17:05 of 2nd period - Snap shot by Fabian Brunnstrom.
17:05 of 2nd period - Deflect By Jason Pominville.
17:05 of 2nd period - Shot Misses the Net.
17:05 of 2nd period - Puck is out of play.
17:06 of 2nd period - Jiri Hudler wins face-off versus Jeremy Roenick in Avalanche zone.
17:17 of 2nd period - Slapshot by Jiri Hudler.
17:17 of 2nd period - Shot Misses the Net.
17:19 of 2nd period - Slapshot by Craig Rivet.
17:19 of 2nd period - Shot Misses the Net.
17:21 of 2nd period - Slapshot by Chris Campoli.
17:21 of 2nd period - Deflect By Bobby Ryan.
17:21 of 2nd period - Stopped by Patrick Lalime with a rebound.
17:42 of 2nd period - Slapshot by Jason Pominville.
17:42 of 2nd period - Shot Blocked by David Jones.
17:49 of 2nd period - Minor Penalty to Fabian Brunnstrom for High sticking.
17:50 of 2nd period - Jaromir Jagr wins face-off versus Jeremy Roenick in Canucks zone.
18:01 of 2nd period - Wrist shot by Jeremy Roenick.
18:01 of 2nd period - Stopped by Carey Price without a rebound.
18:02 of 2nd period - Jeremy Roenick wins face-off versus Jaromir Jagr in Canucks zone.
18:05 of 2nd period - Snap shot by Ryan Smyth.
18:05 of 2nd period - Goal by Ryan Smyth - Avalanche : 4 - Canucks : 4.
18:06 of 2nd period - Clarke MacArthur wins face-off versus Jeremy Roenick in neutral zone.
18:25 of 2nd period - Scott Niedermayer is hit by Bobby Ryan and loses puck.
19:11 of 2nd period - Wrist shot by Fabian Brunnstrom.
19:11 of 2nd period - Stopped by Patrick Lalime with a rebound.
19:51 of 2nd period - Jiri Hudler is hit by Rostislav Olesz and loses puck.
3rd period
0:01 of 3rd period - Mike Comrie wins face-off versus Matt Stajan in neutral zone.
0:14 of 3rd period - Slapshot by Jaromir Jagr.
0:14 of 3rd period - Shot Misses the Net.
0:38 of 3rd period - Off-side.
0:39 of 3rd period - Jiri Hudler wins face-off versus Jeremy Roenick in neutral zone.
0:42 of 3rd period - Wrist shot by Jonas Hoglund.
0:42 of 3rd period - Shot Misses the Net.
0:48 of 3rd period - Snap shot by Bobby Ryan.
0:48 of 3rd period - Shot Blocked by Craig Rivet.
1:23 of 3rd period - Snap shot by Ryan Smyth.
1:23 of 3rd period - Stopped by Carey Price without a rebound.
1:24 of 3rd period - Rickard Wallin wins face-off versus Mike Comrie in Canucks zone.
1:44 of 3rd period - Minor Penalty to Clarke MacArthur for Hooking.
1:45 of 3rd period - Jeremy Roenick wins face-off versus Jaromir Jagr in Canucks zone.
1:46 of 3rd period - Wrist shot by Jason Pominville.
1:46 of 3rd period - Stopped by Carey Price without a rebound.
1:47 of 3rd period - Ryan Smyth wins face-off versus Jaromir Jagr in Canucks zone.
1:56 of 3rd period - Snap shot by Jason Pominville.
1:56 of 3rd period - Shot Misses the Net.
2:02 of 3rd period - Slapshot by Ryan Smyth.
2:02 of 3rd period - Shot Blocked by Jaromir Jagr.
3:44 of 3rd period - Penalty to Clarke MacArthur is over, Clarke MacArthur is back on ice.
3:52 of 3rd period - Wrist shot by David Jones.
3:52 of 3rd period - Stopped by Patrick Lalime with a rebound.
5:33 of 3rd period - Marc Staal is hit by Jaromir Jagr and loses puck.
5:57 of 3rd period - Daniel Paille is hit by Andrew Ladd and loses puck.
6:12 of 3rd period - Mark Streit is hit by Mike Comrie and loses puck.
7:10 of 3rd period - Andrew Ladd is hit by Craig Rivet and loses puck.
7:21 of 3rd period - Chris Campoli is hit by Bobby Ryan and loses puck.
8:12 of 3rd period - Wrist shot by Éric Perrin.
8:12 of 3rd period - Shot Blocked by Janne Niskala.
8:14 of 3rd period - Wrist shot by Martin Lapointe.
8:14 of 3rd period - Deflect By Éric Perrin.
8:14 of 3rd period - Stopped by Carey Price without a rebound.
8:15 of 3rd period - Jeremy Roenick wins face-off versus Rickard Wallin in Canucks zone.
8:30 of 3rd period - Snap shot by Rostislav Olesz.
8:30 of 3rd period - Shot Blocked by Jiri Hudler.
9:25 of 3rd period - Snap shot by Martin Lapointe.
9:25 of 3rd period - Shot Blocked by Craig Rivet.
9:31 of 3rd period - Éric Perrin is hit by Jaromir Jagr and loses puck.
9:43 of 3rd period - Off-side.
9:44 of 3rd period - Rickard Wallin wins face-off versus Mike Comrie in neutral zone.
9:47 of 3rd period - Slapshot by Johnny Boychuk.
9:47 of 3rd period - Deflect By Mike Comrie.
9:47 of 3rd period - Stopped by Patrick Lalime without a rebound.
9:48 of 3rd period - Rickard Wallin wins face-off versus Mike Comrie in Avalanche zone.
9:53 of 3rd period - Snap shot by David Jones.
9:53 of 3rd period - Stopped by Patrick Lalime with a rebound.
10:39 of 3rd period - Slapshot by Jonas Hoglund.
10:39 of 3rd period - Stopped by Patrick Lalime with a rebound.
10:45 of 3rd period - Janne Niskala is hit by Chuck Kobasew and loses puck.
11:04 of 3rd period - Snap shot by Ryan Smyth.
11:04 of 3rd period - Shot Misses the Net.
11:14 of 3rd period - Snap shot by Rickard Wallin.
11:14 of 3rd period - Stopped by Patrick Lalime without a rebound.
11:15 of 3rd period - Rickard Wallin wins face-off versus Éric Perrin in Avalanche zone.
11:28 of 3rd period - Wrist shot by Martin Lapointe.
11:28 of 3rd period - Shot Blocked by Daniel Paille.
11:31 of 3rd period - Minor Penalty to Mark Streit for Cross-checking.
11:32 of 3rd period - Jeremy Roenick wins face-off versus Jaromir Jagr in Canucks zone.
11:35 of 3rd period - Backhand shot by Ryan Smyth.
11:35 of 3rd period - Shot Misses the Net.
11:44 of 3rd period - Off-side.
11:45 of 3rd period - Jaromir Jagr wins face-off versus Jeremy Roenick in neutral zone.
11:48 of 3rd period - Slapshot by Janne Niskala.
11:48 of 3rd period - Stopped by Patrick Lalime without a rebound.
11:49 of 3rd period - Jaromir Jagr wins face-off versus Jeremy Roenick in Avalanche zone.
12:18 of 3rd period - Icing by Jack Johnson.
12:19 of 3rd period - Clarke MacArthur wins face-off versus Rostislav Olesz in Avalanche zone.
13:31 of 3rd period - Penalty to Mark Streit is over, Mark Streit is back on ice.
13:42 of 3rd period - Wrist shot by Rod Brind'Amour.
13:42 of 3rd period - Stopped by Carey Price without a rebound.
13:43 of 3rd period - Rod Brind'Amour wins face-off versus Rickard Wallin in Canucks zone.
13:59 of 3rd period - Minor Penalty to Andrew Ladd for High sticking.
14:00 of 3rd period - Rod Brind'Amour wins face-off versus Matt Stajan in Avalanche zone.
14:00 of 3rd period - Rod Brind'Amour is hit by Matt Stajan.
14:06 of 3rd period - Slapshot by Marc Staal.
14:06 of 3rd period - Deflect By Jaromir Jagr.
14:06 of 3rd period - Stopped by Carey Price with a rebound.
15:13 of 3rd period - Icing by Chris Campoli.
15:14 of 3rd period - Éric Perrin wins face-off versus Matt Stajan in Canucks zone.
15:55 of 3rd period - Snap shot by Jeremy Roenick.
15:55 of 3rd period - Shot Misses the Net.
15:59 of 3rd period - Penalty to Andrew Ladd is over, Andrew Ladd is back on ice.
16:11 of 3rd period - Wrist shot by Mike Comrie.
16:11 of 3rd period - Shot Misses the Net.
16:35 of 3rd period - Snap shot by Fabian Brunnstrom.
16:35 of 3rd period - Shot Blocked by Mike Rathje.
16:37 of 3rd period - Slapshot by Janne Niskala.
16:37 of 3rd period - Stopped by Patrick Lalime with a rebound.
17:51 of 3rd period - Scott Niedermayer is hit by Frantisek Kaberle and loses puck.
17:53 of 3rd period - Minor Penalty to Clarke MacArthur for Delaying the game.
17:54 of 3rd period - Jeremy Roenick wins face-off versus Jaromir Jagr in Canucks zone.
17:55 of 3rd period - Wrist shot by Jason Pominville.
17:55 of 3rd period - Stopped by Carey Price without a rebound.
17:56 of 3rd period - Jeremy Roenick wins face-off versus Jonas Hoglund in Canucks zone.
18:04 of 3rd period - Slapshot by Ryan Smyth.
18:04 of 3rd period - Stopped by Carey Price with a rebound.
18:06 of 3rd period - Snap shot by Jeremy Roenick.
18:06 of 3rd period - Shot Misses the Net.
18:08 of 3rd period - Wrist shot by Jack Johnson.
18:08 of 3rd period - Stopped by Carey Price with a rebound.
18:10 of 3rd period - Backhand shot by Sami Salo.
18:10 of 3rd period - Stopped by Carey Price with a rebound.
18:12 of 3rd period - Wrist shot by Ryan Smyth.
18:12 of 3rd period - Shot Misses the Net.
18:36 of 3rd period - Chris Campoli is hit by Rostislav Olesz and loses puck.
19:13 of 3rd period - Mike Rathje is hit by Erik Christensen and loses puck.
19:53 of 3rd period - Penalty to Clarke MacArthur is over, Clarke MacArthur is back on ice.
19:53 of 3rd period - Mike Comrie is hit by Scott Niedermayer.
Overtime #1
0:01 of 1st overtime period - Jaromir Jagr wins face-off versus Jeremy Roenick in neutral zone.
0:12 of 1st overtime period - Slapshot by Mark Streit.
0:12 of 1st overtime period - Deflect By Jaromir Jagr.
0:12 of 1st overtime period - Stopped by Patrick Lalime with a rebound.
0:56 of 1st overtime period - Sami Salo is hit by Scott Niedermayer and loses puck.
1:23 of 1st overtime period - Mike Comrie is hit by Jonas Hoglund and loses puck.
1:49 of 1st overtime period - Wrist shot by Adam Burish.
1:49 of 1st overtime period - Stopped by Patrick Lalime with a rebound.
2:11 of 1st overtime period - Icing by Craig Rivet.
2:12 of 1st overtime period - Chuck Kobasew wins face-off versus Jaromir Jagr in Canucks zone.
3:27 of 1st overtime period - Snap shot by Rod Brind'Amour.
3:27 of 1st overtime period - Stopped by Carey Price without a rebound.
3:28 of 1st overtime period - Rod Brind'Amour wins face-off versus Adam Burish in Canucks zone.
4:03 of 1st overtime period - Icing by Frantisek Kaberle.
4:04 of 1st overtime period - Jeremy Roenick wins face-off versus Jaromir Jagr in Avalanche zone.
ShootOut
5:00 of 1st overtime period - Penalty Shot by Jeremy Roenick for Avalanche.
5:00 of 1st overtime period - Wrist shot by Jeremy Roenick.
5:00 of 1st overtime period - Goal by Jeremy Roenick.
5:00 of 1st overtime period - Penalty Shot by Jaromir Jagr for Canucks.
5:00 of 1st overtime period - Wrist shot by Jaromir Jagr.
5:00 of 1st overtime period - Goal by Jaromir Jagr.
5:00 of 1st overtime period - Penalty Shot by Ryan Smyth for Avalanche.
5:00 of 1st overtime period - Snap shot by Ryan Smyth.
5:00 of 1st overtime period - Goal by Ryan Smyth.
5:00 of 1st overtime period - Penalty Shot by Jonas Hoglund for Canucks.
5:00 of 1st overtime period - Deke by Jonas Hoglund.
5:00 of 1st overtime period - Goal by Jonas Hoglund.
5:00 of 1st overtime period - Penalty Shot by Jason Pominville for Avalanche.
5:00 of 1st overtime period - Snap shot by Jason Pominville.
5:00 of 1st overtime period - Stopped by Carey Price.
5:00 of 1st overtime period - Penalty Shot by Clarke MacArthur for Canucks.
5:00 of 1st overtime period - Snap shot by Clarke MacArthur.
5:00 of 1st overtime period - Goal by Clarke MacArthur.
Output by the SimonT Hockey Simulator (STHS) for François Prévost -- Original Page W3C XHTML 1.0 Valid